[Event "Titled Tuesday Blitz August 09 Late 2022"]
[White "Poltorak, Sebastian"]
[Black "Ibarra Jerez, Jose Carlos"]
[WhiteFideId "1199498"]
[BlackFideId "2226332"]
[WhiteElo "2102"]
[BlackElo "2628"]
[Result "0-1"]
[Round "02"]
[TimeControl "180+1"]
[Date "2022.08.09"]
[WhiteClock "0:00:02"]
[BlackClock "0:00:26"]

1. d4 Nf6 2. c4 d6 3. Nc3 e5 4. Nf3 e4 5. Nd2 Qe7 6. e3 Bf5 7. b4 h5 8. h3 g6 9. Qb3 Bg7 10. Bb2 O-O 11. Be2 h4 12. O-O-O c5 13. bxc5 dxc5 14. d5 Nbd7 15. g4 hxg3 16. fxg3 Ne5 17. g4 Bd7 18. Ncxe4 Nxe4 19. Nxe4 b5 20. d6 Qd8 21. g5 bxc4 22. Bxc4 Rb8 23. Qc2 Rxb2 24. Qxb2 Nxc4 25. Qb3 Bb2+ 26. Kb1 Be6 27. Nxc5 Na3+ 28. Kxb2 Bxb3 29. axb3 Qxg5 30. Nd3 Nb5 31. Nf4 Qe5+ 32. Ka2 Nc3+ 0-1


[Site "https://www.chess.com"]

[Event "Titled Tuesday Blitz August 09 Late 2022"]
[White "Popilski, Gil"]
[Black "Djordjevic, Vuk"]
[WhiteFideId "2809060"]
[BlackFideId "902098"]
[WhiteElo "2537"]
[BlackElo "2456"]
[Result "1/2-1/2"]
[Round "02"]
[TimeControl "180+1"]
[Date "2022.08.09"]
[WhiteClock "0:00:08"]
[BlackClock "0:00:09"]

1. d4 Nf6 2. c4 e6 3. Nf3 b6 4. a3 Bb7 5. Nc3 d5 6. Bg5 Be7 7. Qa4+ c6 8. cxd5 exd5 9. e3 O-O 10. Bd3 h6 11. Bxf6 Bxf6 12. Rd1 Re8 13. O-O Nd7 14. Rfe1 Nf8 15. e4 dxe4 16. Bxe4 Qd6 17. Ne5 b5 18. Qb3 Ne6 19. Nxb5 cxb5 20. Bxb7 Rad8 21. Bf3 Qb6 22. Bd5 Rd6 23. Nf3 Kf8 24. Bxe6 Rdxe6 25. Rxe6 Rxe6 26. g3 Rd6 27. Qd3 g6 28. h4 Kg7 29. Qe4 h5 30. Qf4 Rd8 31. b4 a5 32. d5 axb4 33. axb4 Be7 34. Ne5 Bf6 35. Nc6 Rd7 36. Qe4 Qc7 37. Qd3 Qb6 38. Kg2 Rd6 39. Qe4 Rd7 40. Qf4 Bc3 41. Ne5 Bxe5 42. Qxe5+ Qf6 43. f4 Re7 44. Qd4 Qxd4 45. Rxd4 Re3 46. d6 Re8 47. Kf3 Kf6 48. f5 gxf5 49. Kf4 Ke6 50. d7 Rd8 51. Kg5 Ke5 52. Rd1 Ke6 53. Kxh5 Kf6 54. Rd6+ Ke7 55. Rd3 Kf6 56. Rd6+ Ke7 57. Rh6 Rxd7 58. Kg5 Rd4 59. Kxf5 Rxb4 60. Rb6 Rb1 61. Rb7+ Kf8 62. Kf6 Rf1+ 63. Kg5 Rb1 64. h5 Re1 65. Rxb5 Kg7 66. g4 Rf1 67. Rb6 Rf2 68. h6+ Kg8 69. Rf6 Rb2 70. Kh5 Rb5+ 71. g5 Rb1 72. Kg4 Rg1+ 73. Kf5 Rf1+ 74. Ke5 Re1+ 75. Kd6 Rd1+ 76. Ke7 Re1+ 77. Kd7 Re5 78. h7+ Kxh7 79. Rxf7+ Kg6 80. Re7 Rxe7+ 81. Kxe7 Kxg5 1/2-1/2


[Site "https://www.chess.com"]

[Event "Titled Tuesday Blitz August 09 Late 2022"]
[White "Rastbod, Ali"]
[Black "Grischuk, Alexander"]
[WhiteFideId "12567477"]
[BlackFideId "4126025"]
[WhiteElo "2191"]
[BlackElo "2762"]
[Result "1/2-1/2"]
[Round "02"]
[TimeControl "180+1"]
[Date "2022.08.09"]
[WhiteClock "0:00:05"]
[BlackClock "0:00:10"]

1. c4 e5 2. Nc3 d6 3. d4 exd4 4. Qxd4 Nf6 5. Qd2 g6 6. g3 Bg7 7. Bg2 O-O 8. Nh3 a5 9. O-O a4 10. Nf4 Re8 11. Qc2 a3 12. bxa3 Bf5 13. Qb3 Ne4 14. Bxe4 Bxe4 15. Bb2 Bc6 16. Ncd5 Nd7 17. Bxg7 Kxg7 18. Qb2+ f6 19. Rfe1 Nc5 20. f3 Ra4 21. Nb4 Qd7 22. Nfd5 Qf7 23. e4 Bxd5 24. exd5 Raa8 25. Qc3 Qd7 26. Nd3 Nxd3 27. Qxd3 Kf7 28. Kf2 Qa4 29. Rxe8 Rxe8 30. Re1 Qa7+ 31. Re3 Qb6 32. f4 Qb2+ 33. Re2 Qb6+ 34. Kf3 Qg1 35. Rxe8 Kxe8 36. Qe3+ Qxe3+ 37. Kxe3 Kd7 38. Kd4 c5+ 39. Kc3 Kc7 40. Kb3 Kb6 41. g4 Ka5 42. a4 g5 43. f5 Ka6 44. h3 Ka5 45. Ka3 Ka6 46. Kb3 Ka5 47. Ka3 Ka6 48. Kb3 1/2-1/2


[Site "https://www.chess.com"]

[Event "Titled Tuesday Blitz August 09 Late 2022"]
[White "Rasulov, Vugar"]
[Black "Barria Zuniga, Daniel"]
[WhiteFideId "13402390"]
[BlackFideId "3400816"]
[WhiteElo "2509"]
[BlackElo "2414"]
[Result "1-0"]
[Round "02"]
[TimeControl "180+1"]
[Date "2022.08.09"]
[WhiteClock "0:00:53"]
[BlackClock "0:00:01"]

1. e4 c5 2. Nf3 e6 3. d4 cxd4 4. Nxd4 a6 5. Nc3 Qc7 6. g3 Bb4 7. Bd2 Nc6 8. Nb3 Nf6 9. Bg2 O-O 10. O-O Be7 11. f4 b5 12. e5 Ne8 13. Be3 d6 14. Qh5 Bb7 15. Rad1 Rb8 16. exd6 Nxd6 17. Nc5 Nf5 18. Bf2 Bc8 19. N3e4 Nb4 20. g4 Nd6 21. f5 exf5 22. gxf5 Nxf5 23. c3 Nc6 24. Ng5 h6 25. Nxf7 Rxf7 26. Bd5 Bxc5 27. Bxc5 Ne5 28. b4 Rb6 29. Rxf5 Bxf5 30. Qxf5 Rf6 31. Qh5 Nf3+ 32. Kh1 Qf4 33. Rf1 Rf5 34. Bxf7+ 1-0


[Site "https://www.chess.com"]

[Event "Titled Tuesday Blitz August 09 Late 2022"]
[White "Taichman, Ori"]
[Black "Salem, A.R. Saleh"]
[WhiteFideId "2804069"]
[BlackFideId "9301348"]
[WhiteElo "2227"]
[BlackElo "2674"]
[Result "0-1"]
[Round "02"]
[TimeControl "180+1"]
[Date "2022.08.09"]
[WhiteClock "0:00:01"]
[BlackClock "0:00:09"]

1. e4 c5 2. b3 Nc6 3. Bb2 e5 4. Bb5 d6 5. f4 exf4 6. Nf3 Nf6 7. O-O Be7 8. e5 Nd5 9. Bxc6+ bxc6 10. exd6 Qxd6 11. Bxg7 Rg8 12. Be5 Qg6 13. Rf2 Bh3 14. Qf1 f6 15. Bb2 Qxc2 16. d3 Bxg2 17. Rxg2 O-O-O 18. Kh1 Rxg2 19. Qxg2 Ne3 20. Ne1 Qxg2+ 21. Nxg2 Nc2 22. Nxf4 Bd6 23. Ne2 Be5 24. Nbc3 Nxa1 25. Bxa1 Rxd3 26. Kg2 Rd2 27. Kf3 Bxh2 28. Ke3 Rd8 29. Ne4 Be5 30. Bxe5 fxe5 31. Nxc5 h5 32. Ne6 Rg8 33. Kf2 h4 34. Ng1 e4 35. Nf4 e3+ 36. Kf1 Rf8 37. Nh3 Rd8 38. Ke2 Rd2+ 39. Kxe3 Rxa2 40. Ng5 Ra3 41. Ke4 Rxb3 42. Nf3 Rb4+ 43. Ke3 Rb3+ 44. Ke4 a5 45. Nxh4 a4 46. Nf5 a3 47. Nd4 Rb1 48. Nc2 a2 49. Ne2 Rb2 50. Ned4 c5 51. Kd3 cxd4 0-1


[Site "https://www.chess.com"]

[Event "Titled Tuesday Blitz August 09 Late 2022"]
[White "Tica, Sven"]
[Black "Harsha Bharathakoti"]
[WhiteFideId "14526948"]
[BlackFideId "5078776"]
[WhiteElo "2350"]
[BlackElo "2575"]
[Result "0-1"]
[Round "02"]
[TimeControl "180+1"]
[Date "2022.08.09"]
[WhiteClock "0:00:59"]
[BlackClock "0:01:46"]

1. e4 c6 2. Nf3 d5 3. d3 Qc7 4. Nc3 dxe4 5. dxe4 e5 6. Bc4 Bb4 7. Bd2 Nf6 8. Qe2 O-O 9. a3 Bc5 10. b4 Be7 11. O-O Bg4 12. h3 Bh5 13. g4 Bg6 14. Nh4 b5 15. Bb3 a5 16. bxa5 Rxa5 17. Nxg6 hxg6 18. a4 b4 19. Na2 c5 20. c3 Nc6 21. cxb4 Nd4 22. Qc4 Nxe4 23. Be3 Nd6 24. Qd5 cxb4 25. Rfb1 Rxd5 0-1


[Site "https://www.chess.com"]

[Event "Titled Tuesday Blitz August 09 Late 2022"]
[White "Trakru, Rohun"]
[Black "Svane, Frederik"]
[WhiteFideId "2097613"]
[BlackFideId "12923044"]
[WhiteElo "1746"]
[BlackElo "2459"]
[Result "0-1"]
[Round "02"]
[TimeControl "180+1"]
[Date "2022.08.09"]
[WhiteClock "0:00:01"]
[BlackClock "0:00:13"]

1. e4 c5 2. Nc3 e6 3. Nge2 Nc6 4. g3 d5 5. exd5 exd5 6. d4 Nf6 7. Bg2 cxd4 8. Nxd4 Bg4 9. Qd3 Bc5 10. Nb3 Qe7+ 11. Kf1 Bb4 12. Bg5 Bxc3 13. bxc3 Ne5 14. Qb5+ Bd7 15. Qxb7 O-O 16. Qb4 Qe6 17. Nd4 Qa6+ 18. Kg1 Rab8 19. Qe7 Rfe8 20. Bxf6 Rxe7 21. Bxe7 Re8 22. Bg5 Qa5 23. Bd2 Nc4 24. Be1 g5 25. h4 Rxe1+ 26. Rxe1 Qxc3 27. Re7 Bg4 28. Nc6 Bf3 29. hxg5 Nd2 30. Ne5 Bxg2 31. Kxg2 Qxc2 32. Re1 Ne4 33. Ng4 Kg7 34. Re5 Qxa2 35. Kg1 a5 36. f3 Qd2 37. Rf1 Nxg5 38. Rxd5 0-1


[Site "https://www.chess.com"]

[Event "Titled Tuesday Blitz August 09 Late 2022"]
[White "Vovk, Orest"]
[Black "Babazada, Khazar"]
[WhiteFideId "14113490"]
[BlackFideId "13413554"]
[WhiteElo "2203"]
[BlackElo "2409"]
[Result "0-1"]
[Round "02"]
[TimeControl "180+1"]
[Date "2022.08.09"]
[WhiteClock "0:00:11"]
[BlackClock "0:01:55"]

1. h3 a6 2. g4 a5 3. Bg2 h5 4. g5 g6 5. d4 Bg7 6. Nc3 c6 7. e4 b5 8. a3 d6 9. f4 e6 10. Nf3 Ne7 11. O-O O-O 12. Nh4 d5 13. e5 c5 14. dxc5 Na6 15. Nxb5 Nxc5 16. Nd6 Ba6 17. Re1 Qc7 18. c4 dxc4 19. Bxa8 Rxa8 20. Be3 Nd3 21. Re2 Nd5 22. Ng2 Bf8 23. Ne4 Bb7 24. Nf6+ Nxf6 25. gxf6 Qc6 26. b3 Rd8 27. Qc2 Qf3 28. bxc4 Nc5 29. Bxc5 Bxc5+ 30. Kh2 Rd3 31. Re3 Rxe3 32. Nxe3 Bxe3 33. Rd1 Bxf4+ 34. Kg1 Qh1+ 35. Kf2 Qh2+ 36. Ke1 Bg3+ 0-1


[Site "https://www.chess.com"]

[Event "Titled Tuesday Blitz August 09 Late 2022"]
[White "Wan, Joseph"]
[Black "Naroditsky, Daniel"]
[WhiteFideId "2069890"]
[BlackFideId "2026961"]
[WhiteElo "2198"]
[BlackElo "2628"]
[Result "0-1"]
[Round "02"]
[TimeControl "180+1"]
[Date "2022.08.09"]
[WhiteClock "0:00:03"]
[BlackClock "0:00:04"]

1. d4 Nf6 2. Bf4 g6 3. Nc3 d5 4. e3 Bg7 5. Nb5 Na6 6. Nf3 O-O 7. h3 c6 8. Nc3 b6 9. Be2 Bb7 10. O-O Nc7 11. a4 a5 12. Bh2 Nfe8 13. Nd2 Nd6 14. Re1 c5 15. Be5 f6 16. Bh2 e5 17. dxe5 fxe5 18. e4 d4 19. Nb5 Ncxb5 20. axb5 Qg5 21. Bd3 Bc8 22. Kh1 Be6 23. Qe2 Kh8 24. Nf3 Qh5 25. Nxe5 Qxe2 26. Bxe2 Rae8 27. Bf3 Nxb5 28. Nd3 c4 29. Nf4 d3 30. cxd3 Bxb2 31. Ra2 c3 32. Nxe6 Rxe6 33. Bd1 Rxf2 34. Bb3 Re7 35. Bg1 Rf6 36. Bc4 Rf5 37. Bxb6 Kg7 38. Be3 Rh5 39. Rxa5 Na3 40. Rxh5 gxh5 41. Bb3 c2 42. d4 Rxe4 43. Bxc2 Nxc2 44. Bh6+ Kxh6 45. Rxe4 Nxd4 46. Kg1 Nf5 47. Kf2 Bf6 48. Rf4 Kg5 49. Ra4 Bd4+ 50. Kf3 Be5 51. Kf2 h4 52. Ra5 Bg3+ 53. Kf3 Kf6 54. Ke4 Nd6+ 55. Kf3 Nc4 56. Ra6+ Kf5 57. Ra7 h5 58. Rf7+ Kg6 59. Ra7 Kf5 60. Rf7+ Kg5 61. Ra7 Nd2+ 62. Ke2 Ne4 63. Kf3 Nf6 64. Rg7+ Kf5 65. Ra7 Be5 66. Ra5 Ne4 67. Ra7 Ng5+ 68. Ke2 Ne6 69. Kf3 Bd4 70. Ra5+ Bc5 71. Rb5 Nd4+ 0-1


[Site "https://www.chess.com"]

[Event "Titled Tuesday Blitz August 09 Late 2022"]
[White "Babazada, Khazar"]
[Black "Blanco Ronquillo, Humberto L."]
[WhiteFideId "13413554"]
[BlackFideId "3504239"]
[WhiteElo "2409"]
[BlackElo "2425"]
[Result "1-0"]
[Round "03"]
[TimeControl "180+1"]
[Date "2022.08.09"]
[WhiteClock "0:00:04"]
[BlackClock "0:00:01"]

1. g3 d5 2. Bg2 c6 3. d3 Nf6 4. Nd2 g6 5. e4 Bg7 6. Ne2 O-O 7. O-O a5 8. a4 Na6 9. h3 Nb4 10. e5 Ne8 11. f4 c5 12. Nf3 d4 13. Bd2 Nc7 14. g4 Ncd5 15. Ng3 Ra6 16. f5 gxf5 17. gxf5 Bh6 18. Ng5 Ne3 19. Bxe3 dxe3 20. Qh5 Qd4 21. Kh1 Qxe5 22. Be4 Bxg5 23. Rg1 Kh8 24. Qxg5 Rg8 25. Qh4 Nxc2 26. f6 Rg6 27. Bxg6 fxg6 28. f7 Qd5+ 29. Ne4 Qxf7 30. Raf1 Qg7 31. Ng5 Be6 32. Qf4 Bd5+ 33. Kh2 h6 34. Qb8+ Bg8 35. Rf7 hxg5 36. Rxg7 Kxg7 37. Qe5+ Rf6 38. Qxe7+ Rf7 39. Qe5+ Kh7 40. Rxg5 Rf2+ 41. Kg3 Nd4 42. Qxe3 Rxb2 43. Qe7+ Kh6 44. Rxc5 Ne2+ 45. Kh4 Nf4 46. Qg5+ Kh7 47. Qxf4 Be6 48. Rc7+ Kg8 49. Qf6 1-0


[Site "https://www.chess.com"]

[Event "Titled Tuesday Blitz August 09 Late 2022"]
[White "Bach, Matthias"]
[Black "Rastbod, Ali"]
[WhiteFideId "4603168"]
[BlackFideId "12567477"]
[WhiteElo "2165"]
[BlackElo "2191"]
[Result "0-1"]
[Round "03"]
[TimeControl "180+1"]
[Date "2022.08.09"]
[WhiteClock "0:00:09"]
[BlackClock "0:00:06"]

1. d4 Nf6 2. c4 e6 3. Nc3 d5 4. Nf3 a6 5. g3 dxc4 6. a4 Bd7 7. Bg2 Bc6 8. O-O Bb4 9. Bg5 Nbd7 10. Qc2 O-O 11. Rfd1 b5 12. Ne5 Bxg2 13. Kxg2 Qc8 14. f3 Qb7 15. e4 h6 16. Be3 Rfd8 17. g4 Nxe5 18. dxe5 Nd7 19. g5 Nxe5 20. gxh6 Nd3 21. hxg7 Kxg7 22. Kh1 Rh8 23. Qd2 Bd6 24. Bd4+ e5 25. Qg5+ Kf8 26. Be3 Be7 27. Qg3 c6 28. Rg1 Ke8 29. Bg5 Bxg5 30. Qxg5 Qe7 31. Qg7 Qh4 32. Rg2 Ke7 33. Rd1 Rag8 34. Rxd3 Rxg7 0-1


[Site "https://www.chess.com"]

[Event "Titled Tuesday Blitz August 09 Late 2022"]
[White "Boruchovsky, Avital"]
[Black "Bortnyk, Olexandr"]
[WhiteFideId "2800055"]
[BlackFideId "14120828"]
[WhiteElo "2466"]
[BlackElo "2723"]
[Result "0-1"]
[Round "03"]
[TimeControl "180+1"]
[Date "2022.08.09"]
[WhiteClock "0:00:01"]
[BlackClock "0:00:30"]

1. Nf3 Nf6 2. c4 d6 3. d4 g6 4. Nc3 Bf5 5. h3 Bg7 6. g4 Bd7 7. Bg2 O-O 8. e4 c5 9. Be3 cxd4 10. Nxd4 Nc6 11. O-O a6 12. Rc1 Rc8 13. b3 Qa5 14. Qd2 Rfe8 15. Nxc6 Bxc6 16. Bd4 b5 17. cxb5 axb5 18. Rfd1 b4 19. Nd5 Bxd5 20. exd5 Nd7 21. Rc6 Bxd4 22. Qxd4 Qxa2 23. Qxb4 Rb8 24. Qa4 Qxb3 25. Qxb3 Rxb3 26. Re1 Ne5 27. Rc7 g5 28. Re4 Ng6 29. Kh2 Kf8 30. Rec4 Rb2 31. Kg3 h6 32. Be4 Nf4 33. h4 Rb3+ 34. f3 Rb2 35. hxg5 hxg5 36. Rc2 Rxc2 37. Rxc2 Rb8 38. Rh2 Rb5 39. Rh8+ Kg7 40. Rh7+ Kg8 41. Rh1 Nxd5 42. Bd3 Rc5 43. Re1 Nf4 44. Bf5 e6 45. Bb1 Rd5 46. Kf2 Kg7 47. Rc1 Rd2+ 0-1


[Site "https://www.chess.com"]

[Event "Titled Tuesday Blitz August 09 Late 2022"]
[White "Claridge-Hansen, William"]
[Black "Jaracz, Pawel"]
[WhiteFideId "422509"]
[BlackFideId "1102222"]
[WhiteElo "2261"]
[BlackElo "2459"]
[Result "1-0"]
[Round "03"]
[TimeControl "180+1"]
[Date "2022.08.09"]
[WhiteClock "0:00:05"]
[BlackClock "0:00:35"]

1. d4 Nf6 2. Bg5 g6 3. Bxf6 exf6 4. e3 d5 5. g3 Bd6 6. Bg2 c6 7. Ne2 h5 8. h4 Nd7 9. Nd2 f5 10. c4 Nf6 11. Qb3 O-O 12. O-O dxc4 13. Nxc4 Be6 14. Qc2 Bc7 15. Rfd1 Ng4 16. Nd2 Qe7 17. Nc3 Rfd8 18. Nf3 Bxg3 19. fxg3 Nxe3 20. Qe2 Nxd1 21. Rxd1 Qf6 22. Ne5 Rd6 23. Qf2 Qe7 24. Qf4 Rad8 25. b4 Kg7 26. a3 f6 27. Nf3 Qd7 28. Re1 Bf7 29. Re3 a5 30. Ne2 axb4 31. axb4 Bd5 32. Kh2 Be4 33. Rxe4 fxe4 34. Qxe4 Re8 35. Qc2 Qf5 36. Qb2 Re3 37. Nf4 Qg4 38. Qf2 Re7 39. Bh3 Rd8 40. Bxg4 hxg4 41. Ne1 Rde8 42. Neg2 Re4 43. d5 g5 44. Nh5+ Kg6 45. Qxf6+ Kxh5 46. Qxg5# 1-0


[Site "https://www.chess.com"]

[Event "Titled Tuesday Blitz August 09 Late 2022"]
[White "Clarke, Brandon G I"]
[Black "Rasulov, Vugar"]
[WhiteFideId "400319"]
[BlackFideId "13402390"]
[WhiteElo "2414"]
[BlackElo "2509"]
[Result "0-1"]
[Round "03"]
[TimeControl "180+1"]
[Date "2022.08.09"]
[WhiteClock "0:00:04"]
[BlackClock "0:00:46"]

1. e4 e5 2. Nf3 Nc6 3. Bc4 Nf6 4. Ng5 d5 5. exd5 Na5 6. Bb5+ c6 7. dxc6 bxc6 8. Bd3 h6 9. Ne4 Nd5 10. Ng3 Be7 11. O-O O-O 12. Re1 Nf4 13. Bf1 Bd6 14. d4 exd4 15. Qxd4 c5 16. Qa4 Bd7 17. Bb5 Bxb5 18. Qxb5 Rb8 19. Qa6 Re8 20. Rxe8+ Qxe8 21. Qxa5 Rb5 22. Qd2 c4 23. Nc3 Re5 24. Nce4 Rxe4 25. Nxe4 Qxe4 26. f3 Qe6 27. Qf2 Bc5 28. Bxf4 Bxf2+ 29. Kxf2 Qb6+ 30. Kg3 Qxb2 31. Re1 Qxc2 32. Re8+ Kh7 33. Rc8 Qxa2 34. h4 a5 35. Rc7 f6 36. Bd6 Kg8 37. Rc8+ Kf7 38. Rc7+ Ke6 39. Bf8 g5 40. Bxh6 gxh4+ 41. Kh3 a4 42. Rc6+ Kd5 43. Rxf6 c3 44. Rf5+ Kc4 45. Rf8 a3 46. Rc8+ Kd3 47. f4 Qe6+ 0-1


[Site "https://www.chess.com"]

[Event "Titled Tuesday Blitz August 09 Late 2022"]
[White "Djordjevic, Vuk"]
[Black "Gubajdullin, Alexei"]
[WhiteFideId "902098"]
[BlackFideId "4141202"]
[WhiteElo "2456"]
[BlackElo "2214"]
[Result "1-0"]
[Round "03"]
[TimeControl "180+1"]
[Date "2022.08.09"]
[WhiteClock "0:00:08"]
[BlackClock "0:00:02"]

1. d4 Nf6 2. Bg5 Ne4 3. Bf4 d5 4. e3 e6 5. Bd3 b6 6. c4 Bb4+ 7. Kf1 O-O 8. Qc2 Ba6 9. Ne2 f5 10. a3 Be7 11. b4 g5 12. Bg3 c5 13. b5 Bb7 14. Nbc3 Nd7 15. Rd1 Rc8 16. cxd5 exd5 17. f3 cxd4 18. exd4 f4 19. Be1 Ndf6 20. fxe4 dxe4 21. Qb3+ Kh8 22. Bc4 f3 23. Ng3 Ng4 24. Ncxe4 Rxc4 25. gxf3 Bd5 26. Qd3 Qc7 27. Kg2 Rc2+ 28. Rd2 Rxd2+ 29. Bxd2 Bc4 30. Qc3 Nf6 31. Rc1 Rc8 32. d5 Qd8 33. Bxg5 Bf1+ 34. Kxf1 Rxc3 35. Bxf6+ Bxf6 36. Nxc3 1-0


[Site "https://www.chess.com"]

[Event "Titled Tuesday Blitz August 09 Late 2022"]
[White "Dounis, Alexandros"]
[Black "Riehle, Marco"]
[WhiteFideId "4213238"]
[BlackFideId "12904392"]
[WhiteElo "2204"]
[BlackElo "2462"]
[Result "1-0"]
[Round "03"]
[TimeControl "180+1"]
[Date "2022.08.09"]
[WhiteClock "0:00:17"]
[BlackClock "0:00:31"]

1. Nf3 d5 2. g3 c5 3. Bg2 Nc6 4. d4 Nf6 5. O-O e6 6. c4 dxc4 7. Ne5 Nxe5 8. dxe5 Nd5 9. Na3 c3 10. bxc3 Nxc3 11. Qc2 Nd5 12. Rd1 Bd7 13. Nc4 Be7 14. Nd6+ Bxd6 15. exd6 O-O 16. Qxc5 b6 17. Qd4 Rc8 18. Bxd5 exd5 19. Bb2 Qg5 20. Qxd5 Qxd5 21. Rxd5 Rc2 22. Bd4 Rxe2 23. a4 h6 24. a5 Rfe8 25. axb6 axb6 26. Bxb6 g5 27. Be3 Kg7 28. h4 g4 29. Kf1 Rc2 30. Re1 Re6 31. Bd4+ Kg6 32. h5+ Kh7 33. Rxe6 fxe6 34. Ra5 Kg8 35. Ra7 Bb5+ 36. Ke1 e5 37. Be3 Kf8 38. Bxh6+ Ke8 39. Re7+ Kd8 40. Rxe5 Bc6 41. Bf4 Ra2 42. h6 Ra1+ 43. Kd2 Rh1 44. Ra5 Be4 45. Ra7 Kc8 46. d7+ Kd8 47. Bg5# 1-0


[Site "https://www.chess.com"]

[Event "Titled Tuesday Blitz August 09 Late 2022"]
[White "Esipenko, Andrey"]
[Black "Bartholomew, John"]
[WhiteFideId "24175439"]
[BlackFideId "2019353"]
[WhiteElo "2619"]
[BlackElo "2761"]
[Result "1-0"]
[Round "03"]
[TimeControl "180+1"]
[Date "2022.08.09"]
[WhiteClock "0:00:27"]
[BlackClock "0:00:18"]

1. e4 d5 2. exd5 Qxd5 3. Nc3 Qa5 4. d4 Nf6 5. Nf3 Bf5 6. Ne5 c6 7. a3 Nbd7 8. Nc4 Qd8 9. Bf4 Nb6 10. Ne3 Bg6 11. h4 h6 12. h5 Bh7 13. Bd3 Bxd3 14. Qxd3 e6 15. O-O-O Bd6 16. Be5 Qc7 17. f4 O-O-O 18. Kb1 Kb8 19. g3 a6 20. Qe2 Nbd5 21. Ncxd5 cxd5 22. c4 Ka8 23. Bxf6 gxf6 24. cxd5 exd5 25. Rc1 Qa5 26. Qd3 Rhe8 27. Nf5 Bf8 28. Ka2 Rc8 29. Rc2 Qa4 30. Rhc1 Qd7 31. Rxc8+ Rxc8 32. Rxc8+ Qxc8 33. Ne3 Qe6 34. Qb3 Qe4 35. Nxd5 Qxd4 36. Nc7+ Ka7 37. Qxf7 f5 38. Qd5 Qb6 39. Ne6 Be7 40. Qxf5 Qc6 41. Nd4 Qc4+ 42. Nb3 Bd8 43. Qc5+ Qxc5 44. Nxc5 Bb6 45. Ne4 Bd4 46. b4 b5 47. Kb3 Kb7 48. g4 Kc6 49. g5 Kd5 50. Nc5 Be3 51. g6 Bd4 52. f5 Bg7 53. Ne6 1-0


[Site "https://www.chess.com"]

[Event "Titled Tuesday Blitz August 09 Late 2022"]
[White "Galperin, Platon"]
[Black "Bilych, Olexiy"]
[WhiteFideId "14165414"]
[BlackFideId "14156504"]
[WhiteElo "2435"]
[BlackElo "2157"]
[Result "1-0"]
[Round "03"]
[TimeControl "180+1"]
[Date "2022.08.09"]
[WhiteClock "0:01:07"]
[BlackClock "0:00:06"]

1. b3 d5 2. Bb2 Bg4 3. Nf3 Bxf3 4. gxf3 Nf6 5. e3 Nbd7 6. f4 e6 7. c4 c6 8. Nc3 g6 9. Qc2 Bg7 10. cxd5 exd5 11. O-O-O Qe7 12. Bg2 O-O 13. h4 a5 14. Bf3 h5 15. f5 Ne5 16. Be2 Kh7 17. Rdg1 b5 18. Rg5 Bh6 19. fxg6+ fxg6 20. Nxd5 cxd5 21. Rxe5 Qd6 22. Qd3 Rac8+ 23. Kb1 d4 24. Bxd4 Ng4 25. Rxh5 Nxf2 26. Rxh6+ Kxh6 27. Bg7+ Kxg7 28. Qxd6 Nxh1 29. Bxb5 Nf2 30. Bc4 Kh6 31. Qe7 Ng4 32. Qg5+ Kg7 33. Qxg4 1-0


[Site "https://www.chess.com"]

[Event "Titled Tuesday Blitz August 09 Late 2022"]
[White "Hafiz, Arif Abdul"]
[Black "Muradli, Mahammad"]
[WhiteFideId "7104227"]
[BlackFideId "13409301"]
[WhiteElo "2198"]
[BlackElo "2611"]
[Result "1/2-1/2"]
[Round "03"]
[TimeControl "180+1"]
[Date "2022.08.09"]
[WhiteClock "0:00:07"]
[BlackClock "0:00:02"]

1. e4 d6 2. d4 Nf6 3. Nc3 g6 4. Nf3 Bg7 5. Be3 a6 6. Qd2 Nc6 7. Bh6 O-O 8. O-O-O Bg4 9. Bxg7 Kxg7 10. Be2 e5 11. dxe5 dxe5 12. Qe3 Qc8 13. Nd2 Nd4 14. Bxg4 Qxg4 15. h3 Qe6 16. f4 Rad8 17. f5 Qb6 18. Kb1 Nb3 19. Qxb6 Nxd2+ 20. Rxd2 cxb6 21. Rxd8 Rxd8 22. fxg6 hxg6 23. Kc1 b5 24. Rd1 Rxd1+ 25. Kxd1 b4 26. Nd5 Nxd5 27. exd5 f5 28. g4 fxg4 29. hxg4 Kf6 30. Ke2 Ke7 31. Kd3 b5 32. c4 bxc3 33. bxc3 Kd7 34. Ke3 Kc7 35. Kd3 a5 36. a3 Kd7 37. c4 bxc4+ 38. Kc3 Kd6 39. Kxc4 g5 40. a4 e4 41. Kd4 e3 42. Kxe3 Kxd5 43. Kd3 Ke5 44. Ke3 Kd5 45. Kd3 Kc5 46. Kc3 Kd5 47. Kd3 1/2-1/2


[Site "https://www.chess.com"]

[Event "Titled Tuesday Blitz August 09 Late 2022"]
[White "Harsha Bharathakoti"]
[Black "Pulpan, Jakub"]
[WhiteFideId "5078776"]
[BlackFideId "302759"]
[WhiteElo "2575"]
[BlackElo "2451"]
[Result "1-0"]
[Round "03"]
[TimeControl "180+1"]
[Date "2022.08.09"]
[WhiteClock "0:01:15"]
[BlackClock "0:00:15"]

1. c4 Nf6 2. Nc3 c5 3. Nf3 e6 4. e3 d5 5. cxd5 exd5 6. d4 Nc6 7. Bb5 Bd6 8. dxc5 Bxc5 9. O-O O-O 10. b3 Bg4 11. Bb2 Bd6 12. h3 Bh5 13. Be2 Rc8 14. Nb5 Bb8 15. Bxf6 Qxf6 16. Qxd5 Bg6 17. Nbd4 Rfd8 18. Qb5 Nxd4 19. Nxd4 Be4 20. Rac1 a6 21. Qh5 g6 22. Qg4 Rxc1 23. Rxc1 Qe5 24. g3 h5 25. Qh4 Re8 26. Bf3 Bxf3 27. Nxf3 Qb2 28. Qc4 Qxa2 29. Ng5 Rf8 30. Qd5 Qe2 31. Rc8 Bd6 32. Qxf7+ 1-0


[Site "https://www.chess.com"]

[Event "Titled Tuesday Blitz August 09 Late 2022"]
[White "Harvey, Marcus R"]
[Black "Chigaev, Maksim"]
[WhiteFideId "400092"]
[BlackFideId "4108116"]
[WhiteElo "2485"]
[BlackElo "2487"]
[Result "1-0"]
[Round "03"]
[TimeControl "180+1"]
[Date "2022.08.09"]
[WhiteClock "0:00:25"]
[BlackClock "0:00:03"]

1. d4 Nf6 2. Nf3 g6 3. b3 Bg7 4. Bb2 O-O 5. g3 d6 6. Bg2 e5 7. dxe5 dxe5 8. Qxd8 Rxd8 9. Nxe5 Na6 10. Nd3 Re8 11. Nc3 c6 12. O-O Bf5 13. a3 Rad8 14. Rad1 h5 15. h3 Bxd3 16. Rxd3 Rxd3 17. exd3 Nd5 18. Nxd5 cxd5 19. Bxg7 Kxg7 20. Bxd5 b6 21. b4 Nc7 22. Bc4 f5 23. Rc1 g5 24. Kf1 Kf6 25. Re1 Rd8 26. b5 g4 27. h4 Nd5 28. a4 Nc7 29. f4 gxf3 30. Kf2 Nd5 31. Kxf3 Nb4 32. Re6+ Kg7 33. Re7+ Kf6 34. Rxa7 Nxc2 35. Ra6 Ke5 36. Rxb6 Nd4+ 37. Kf2 Rf8 38. Rb7 f4 39. Re7+ Kf6 40. Re4 fxg3+ 41. Kxg3 Nf5+ 42. Kf3 Ra8 43. Re6+ Kg7 44. Ra6 Nxh4+ 45. Ke4 Re8+ 46. Re6 Rf8 47. b6 Ng6 48. b7 h4 49. Rb6 Rb8 50. Be6 Nf8 51. Bc8 Kf7 52. a5 Ke7 53. a6 1-0


[Site "https://www.chess.com"]

[Event "Titled Tuesday Blitz August 09 Late 2022"]
[White "Hilby, Craig"]
[Black "Llorente Zaro, Alfonso"]
[WhiteFideId "2062674"]
[BlackFideId "2254131"]
[WhiteElo "2403"]
[BlackElo "2485"]
[Result "1-0"]
[Round "03"]
[TimeControl "180+1"]
[Date "2022.08.09"]
[WhiteClock "0:00:15"]
[BlackClock "0:00:02"]

1. e4 Nf6 2. e5 Nd5 3. d4 d6 4. c4 Nb6 5. exd6 exd6 6. Nc3 Be7 7. Bd3 Nc6 8. Nge2 Bg4 9. h3 Bh5 10. Qc2 Nb4 11. Qb1 Nxd3+ 12. Qxd3 Bg6 13. Qf3 Nxc4 14. Qxb7 O-O 15. O-O Rb8 16. Qxa7 Nxb2 17. Nf4 Bf5 18. Ncd5 Bf6 19. Nxf6+ Qxf6 20. Nd5 Qh4 21. Bf4 Be6 22. Bg3 Qe4 23. Nxc7 Rb7 24. Qa5 Nc4 25. Rfe1 Qd3 26. Qa6 Rxc7 27. Bxd6 Rcc8 28. Bxf8 Rxf8 29. Rad1 Qc3 30. Rc1 Qd2 31. Red1 Qe2 32. d5 Nb2 33. Qxe2 1-0


[Site "https://www.chess.com"]